 Dungeon Crawl Stone Soup version 0.29-a0-878-g7b45a56547 (webtiles) character file.

Game seed: 12809177424331030378

104 27snakeeyes612 the Conjurer (level 4, 0/27 HPs)
             Began as an Octopode Conjurer on July 20, 2022.
             Killed from afar by Ijyb (16 damage)
             ... with a bolt of acid
             ... on level 3 of the Dungeon.
             The game lasted 00:05:06 (3713 turns).

27snakeeyes612 the Conjurer (Octopode Conjurer)     Turns: 3713, Time: 00:05:06

Health: 0/27       AC:  2    Str:  6    XL:     4   Next: 80%
Magic:  5/8        EV: 13    Int: 20    God:
Gold:   120        SH:  5    Dex: 10    Spells: 7/8 levels left

rFire   . . .      SeeInvis .   b - +1 spear (vorpal)
rCold   + . .      Faith    .   (no shield)
rNeg    . . .      Spirit   .   h - +1 hat
rPois   .          Reflect  +   m - amulet of reflection
rElec   .          Harm     .   (no ring)
rCorr   .          Rampage  .   (no ring)
Will    .....                   (no ring)
Stlth   +++.......              (no ring)
HPRegen 0.09/turn               (no ring)
MPRegen 0.11/turn               (no ring)
                                (no ring)
                                (no ring)

@: very slightly contaminated, unable to read
A: almost no armour, amphibious, 8 rings, camouflage 1, gelatinous body 1,
(nimble swimmer 1), tentacles, tentacle spike 1, cold resistance 1, dopey 1,
inability to read while threatened 1
a: no special abilities


You were on level 3 of the Dungeon.
You visited 1 branch of the dungeon, and saw 3 of its levels.

You collected 120 gold pieces.

Inventory:

Hand Weapons
 b - a +1 vorpal spear (weapon)
Armour
 h - a +1 hat (worn)
Jewellery
 m - an amulet of reflection (around mantle)
Scrolls
 f - 2 scrolls of enchant weapon
Potions
 a - 3 potions of magic
 l - a potion of curing


   Skills:
 + Level 2.9 Dodging
 + Level 4.1 Stealth
 + Level 2.7 Spellcasting
 + Level 4.5 Conjurations


You had 7 spell levels left.
You knew the following spells:

 Your Spells              Type           Power      Damage    Failure   Level
a - Magic Dart            Conj           84%        1d7       2%          1

Your spell library contained the following spells:

 Spells                   Type           Power      Damage    Failure   Level
 Searing Ray              Conj           42%        2d6       3%          2
 Dazzling Flash           Conj/Hex       22%        N/A       17%         3
 Fulminant Prism          Conj/Hex       5%         3d7       50%         4
 Iskenderun's Mystic Bla  Conj/Tloc      11%        2d4       50%         4


Dungeon Overview and Level Annotations

Branches:
Dungeon (3/15)

Altars:

Shops:
D:2 =

Annotations:
D:3 1 transporter, Ijyb


Innate Abilities, Weirdness & Mutations

You cannot wear most types of armour.
You are amphibious.
You can wear up to eight rings at the same time.
Your skin changes colour to match your surroundings (Stealth+).
Your rubbery body absorbs attacks. (AC +1, EV +1)
((You are camouflaged when in or above water. (Stealth+)))
You have tentacles for arms and can constrict up to eight enemies at once.
One of your tentacles bears a spike.
Your flesh is cold resistant. (rC+)
You are dopey. (Int -2)
You occasionally lose the ability to read scrolls when taking damage.


Message History

The gnoll is almost dead.
The magic dart hits the gnoll.
You kill the gnoll!
The magic dart hits the gnoll.
The gnoll is heavily wounded.
The magic dart hits the gnoll.
The gnoll is heavily wounded.
The magic dart hits the gnoll.
The gnoll is severely wounded.
You are out of magic!
You don't have enough magic to cast this spell.
You don't have enough magic to cast this spell.
Unknown command.
Aiming: Magic Dart (safe; 2% risk of failure)
Press: ? - help, Q - select action Shift-Dir - straight line, f/p - gnoll
Aim: a gnoll, wielding a +0 club (severely wounded, 100% to hit)
The magic dart hits the gnoll.
You kill the gnoll!
Search for what [? for help]? staff Can't find anything matching that.
Magic restored.
There is an open door here.
Found a stone.
Ijyb the Twisted Goblin comes into view.
She is wielding a +0 dagger and carrying a wand of acid (7).
Ijyb is nearby!
Ijyb is nearby!
The magic dart hits Ijyb.
Ijyb is lightly wounded.
Ijyb shouts!
The magic dart hits Ijyb but does no damage.
Ijyb is lightly wounded.
You miscast Magic Dart.
You are very lightly contaminated with residual magic.
Nothing appears to happen.
Ijyb zaps a wand.
The bolt of acid hits you!
The magic dart hits Ijyb but does no damage.
Ijyb is lightly wounded.
Ijyb zaps a wand.
The bolt of acid hits you!
You feel threatened and lose the ability to read scrolls!
Ouch! That really hurt!
You die...

#...#$.#..≈
###########..©#©(+..≈
#.....g.......#$.#..≈
###.#######...#P.#≈≈≈
#)#....<#...#8≈#...
#.#.#####...#######
#.#................
#......##..........
######.##@.#.######
##'##..#.#
#........####
#...........#
#....##.....#
#######g....# #.....#
#.(.....+ #.#.....#


You could see Ijyb.

Vanquished Creatures
  An adder (D:2)
  2 gnolls (D:3)
  2 worms (D:2)
  An orc (D:2)
  4 bats
  7 endoplasms
  A giant cockroach (D:2)
  6 goblins
  4 hobgoblins
  6 jackals (D:2)
  10 kobolds
  8 ball pythons
  2 frilled lizards (D:2)
  7 rats
61 creatures vanquished.

Vanquished Creatures (others)
  10 plants (D:3)
10 creatures vanquished.

Grand Total: 71 creatures vanquished

Notes
Turn   | Place    | Note
-------+----------+-------------------------------------------
     0 | D:1      | 27snakeeyes612 the Octopode Conjurer began the quest for
                  | the Orb.
     0 | D:1      | Reached XP level 1. HP: 11/11 MP: 3/3
   466 | D:1      | Reached XP level 2. HP: 17/17 MP: 3/5
  1153 | D:1      | Reached XP level 3. HP: 21/21 MP: 2/6
  1491 | D:2      | Found Iblethir's Jewellery Emporium.
  1524 | D:2      | Gained mutation: You have hidden genetic defects. [potion
                  | of mutation]
  1524 | D:2      | Gained mutation: Your flesh is cold resistant. (rC+)
                  | [potion of mutation]
  1524 | D:2      | Gained mutation: One of your tentacles bears a spike.
                  | [potion of mutation]
  1869 | D:2      | Gained mutation: You are dopey. (Int -2) [hidden defects]
  2085 | D:2      | Gained mutation: You occasionally lose the ability to read
                  | scrolls when taking damage. [hidden defects]
  2085 | D:2      | Lost mutation: You have hidden genetic defects. [hidden
                  | defects expressed]
  2489 | D:2      | Reached XP level 4. HP: 17/27 MP: 4/7
  3001 | D:2      | Found a faded altar of an unknown god.
  3533 | D:3      | Found a transporter.
  3703 | D:3      | Noticed Ijyb
  3713 | D:3      | Killed from afar by Ijyb

Illustrated notes

Levels and vault maps discovered:
D:1:      kennysheep_arrival_seaside, layout_basic, minmay_crystal_room
D:2:      minmay_diamond_boxcup, layout_loops_corners, serial_shops, shop,
          ebering_ecumenical_altar_rust, minmay_misc_feat_four_crosses
D:3:      gammafunk_wand_slinger, layout_basic, nicolae_overflow_hidden_temple,
          nicolae_grassy_gnolls, uniq_ijyb, uniq_natasha

Skill      XL: |  1  2  3  4 |
---------------+-------------+-----
Stealth        | 3 4 |  4.1
Dodging        | |  2.9
Spellcasting   | |  2.7
Conjurations   | |  4.5

Action                   |  1- 3 |  4- 6 || total
-------------------------+-------+-------++-------
Melee: Unarmed           |     1 |     5 ||     6
       Tentacles         |     1 |     1 ||     2
       Constrict         |       |     1 ||     1
       Kick              |       |     1 ||     1
 Cast: Magic Dart        |   100 |    54 ||   154
  Use: Scroll            |     7 |     1 ||     8
       Potion            |     3 |       ||     3
Armor: Skin              |     4 |     2 ||     6
Dodge: Dodged            |    23 |     4 ||    27

Table legend: (Time is in decaauts)
 A = Elapsed time spent in this place.
 B = Non-inter-level travel time spent in this place.
 C = Inter-level travel time spent in this place.
 D = Time resting spent in this place.
 E = Time spent auto-exploring this place.
 F = Levels seen in this place.
 G = Mean time per level.
                   A        B        C        D        E       F      G
               +--------+--------+--------+--------+--------+-----+--------+
         Total |   3712 |   3574 |    138 |    464 |   2632 |   3 | 1237.3 |
       Dungeon |   3712 |   3574 |    138 |    464 |   2632 |   3 | 1237.3 |
               +--------+--------+--------+--------+--------+-----+--------+

Top non-repeatable levels by time:
     D:2: 2031 daAuts
     D:1: 1488 daAuts
     D:3: 192 daAuts
